AoeStats
← WinterFox

Arabia

510629883Analyzed
3v3 RM · 1d ago on Oct 1, 2026· 54m 0s· 6 players
Game mode
Random Map
Map size
Normal (6 player)
Population
200
Speed
Normal
Resources
Standard
Victory
Conquest
Starting age
Dark Age
Ending age
Imperial Age
RankedLock teamsTeams togetherTeam positionsShared explorationLock speedFull tech treeHidden civsTurbo modeCheats
Victory
Defeat
🇦🇹 Slavs · Austria
934
+33
🇦🇹 Persians · Austria
813
+14
🇦🇹 Italians · Austria
802
+15
🇬🇧 Burmese · United Kingdom
832
-15
🇩🇰 Vietnamese · Denmark
780
-23
🇯🇴 Franks · Jordan
737
-11
WinterFox
10:09 Feudal Age
11:44 Double-Bit Axe
11:50 Horse Collar
15:03 Loom
20:34 Castle Age
19:58 Forging
20:23 Gold Mining
20:23 Stone Mining
20:51 Pikeman
24:40 Squires
27:22 Husbandry
28:28 Bow Saw
28:26 Heavy Plow
32:09 Iron Casting
31:34 Scale Mail Armor
33:29 Scale Barding Armor
33:30 Padded Archer Armor
34:21 Elite Skirmisher
35:43 Man-at-Arms
36:33 Thumb Ring
36:40 Thumb Ring
36:48 Bloodlines
43:37 Light Cavalry
49:25 Imperial Age
47:34 Wheelbarrow
49:46 Chatras
50:28 Paper Money
50:59 Hand Cart
50:33 Town Watch
51:19 Town Patrol
50:46 Cavalier
50:51 Imperial Skirmisher
51:44 Halberdier
CrispsWalker
2:39 Loom
9:45 Feudal Age
10:25 Man-at-Arms
10:52 Arson
15:32 Forging
15:22 Scale Mail Armor
20:31 Wheelbarrow
19:38 Horse Collar
24:36 Castle Age
MR.ESSA
0:28 Loom
10:51 Feudal Age
jakuf2008
14:54 Feudal Age
17:42 Horse Collar
21:39 Wheelbarrow
22:31 Man-at-Arms
Aux Anschluss
12:21 Feudal Age
20:41 Castle Age
20:21 Double-Bit Axe
21:25 Padded Archer Armor
21:16 Fletching
21:46 Crossbowman
31:56 Horse Collar
42:47 Imperial Age
53:20 Arbalester
Chinese Trade Bot
6:13 Loom
8:33 Feudal Age
10:58 Double-Bit Axe
14:16 Bloodlines
17:43 Scale Barding Armor
18:42 Forging
19:51 Gold Mining
21:17 Stone Mining
21:21 Horse Collar
25:54 Castle Age
26:45 Bow Saw
26:38 Heavy Plow
27:17 Gold Shaft Mining
27:17 Stone Shaft Mining
28:14 Husbandry
30:29 Wheelbarrow
31:03 Chain Barding Armor
32:19 Husbandry
33:43 Iron Casting
39:12 Hand Cart
42:26 Imperial Age
44:17 Conscription
43:25 Cavalier
45:15 Savar
47:55 Plate Barding Armor
47:58 Crop Rotation
52:05 Two-Man Saw
Connection lost

Rejoining the realm…

Still unreachable

The connection could not be restored.

Session expired

The server has moved on; the page needs a fresh start.